cohdb
Replays
Latest Replays
All Replays
Popular Replays
Top Player Replays
Match Explorer
How It Works
Community
CoH3 Stats
Reddit
Sign in to upload your games and track your stats! →
Sign in with Steam
Match 42493846
Unlisted
Match 42493846
Overview
Messages
Build Orders
End
Construct Infanterie Kompanie
Grenadier Squad
Grenadier Squad
MG 42 Machine Gun Team
Construct Panzergrenadier Kompanie
251 Medium Carrier
Grenadier Squad
Panzergrenadier Squad
Pak 40 Anti-tank Gun Team
Selects Terror Battlegroup
Selects Machine Gun Camouflage
Medical Bunker
Construct Panzer Kompanie
Panzer IV Medium Tank
Selects Interrogate
Selects Jericho Trumpet
251 Medium Carrier
Panzer IV Medium Tank
Selects No Quarter
Side Skirts
Panzergrenadier Officer Quarters
Pioneer Squad
Repair Bunker
Selects King Tiger Heavy Tank
PaniCoC
Ardy
Jeremy
NewDe
Protez
Ha22y79
Patton
Hwarang
0
0
Comments
sign in to comment!
No comments posted yet!